 Dungeon Crawl Stone Soup version 0.29.1-13-g9f3cf754e1 (webtiles) character file.

Game seed: 2073886210742368850

114 rakiston the Chiller (level 4, 0/30 HPs)
             Began as a Merfolk Ice Elementalist on Jan 25, 2023.
             Slain by Grinder (5 damage)
             ... on level 3 of the Dungeon.
             The game lasted 00:13:07 (3042 turns).

rakiston the Chiller (Merfolk Ice Elementalist)     Turns: 3042, Time: 00:13:08

Health: 0/30       AC:  2    Str:  8    XL:     4   Next: 97%
Magic:  4/7        EV: 12    Int: 16    God:
Gold:   146        SH:  0    Dex: 14    Spells: 3/7 levels left

rFire   . . .      SeeInvis .   m - +0 spear
rCold   + . .      Faith    .   (no shield)
rNeg    . . .      Spirit   .   a - +0 robe
rPois   .          Reflect  .   (no helmet)
rElec   .          Harm     .   (no cloak)
rCorr   +          Rampage  .   (no gloves)
Will    .....                   (no boots)
Stlth   ++........              (no amulet)
HPRegen 0.10/turn               j - ring of resist corrosion
MPRegen 0.10/turn               k - ring of protection from cold

@: no status effects
A: (nimble swimmer 2), mertail
a: no special abilities


You were on level 3 of the Dungeon.
You visited 1 branch of the dungeon, and saw 3 of its levels.

You collected 146 gold pieces.

Inventory:

Hand Weapons
 m - a +0 spear (weapon)
Missiles
 c - 2 atropa-tipped darts
 o - 6 poisoned darts (quivered)
Armour
 a - a +0 robe (worn)
 s - a +2 leather armour of cold resistance
Magical Staves
 n - a staff of conjuration
Jewellery
 j - a ring of resist corrosion (left hand)
 k - a ring of protection from cold (right hand)
Scrolls
 d - a scroll of butterflies {unknown}
 e - a scroll of vulnerability {unknown}
 f - a scroll of amnesia
 g - 2 scrolls of blinking
 q - a scroll of identify
 t - a scroll of enchant armour {unknown}
 v - a scroll of fear {unknown}
 w - a scroll of teleportation
Potions
 b - a potion of magic
 h - a potion of mutation
 i - a potion of brilliance
 l - a potion of attraction {unknown}
 p - a potion of curing {unknown}
 r - a potion of lignification {unknown}
 u - a potion of degeneration {unknown}


   Skills:
 - Level 2.6 Dodging
 - Level 2.1 Stealth
 - Level 2.0 Spellcasting
 + Level 6.7 Ice Magic


You had 3 spell levels left.
You knew the following spells:

 Your Spells              Type           Power      Damage    Failure   Level
a - Freeze                Ice            92%        1d10      1%          1
b - Frozen Ramparts       Ice            46%        1d7       3%          3

Your spell library contained the following spells:

 Spells                   Type           Power      Damage    Failure   Level
 Ozocubu's Armour         Ice            23%        N/A       3%          3
 Hailstorm                Conj/Ice       12%        3d5       45%         4


Dungeon Overview and Level Annotations

Branches:
Dungeon (3/15)

Altars:
Cheibriados
Gozag

Annotations:
D:2 Sigmund
D:3 Grinder


Innate Abilities, Weirdness & Mutations

((You are very nimble when in or above water. (Stealth+, EV+, Speed+++)))
Your lower body shifts to a powerful aquatic tail in water.


Message History

The walls around you are covered in ice.
Grinder completely resists.
The wall freezes Grinder but does no damage.
Grinder blinks!
The wall freezes Grinder but does no damage.
Grinder resists.
The wall freezes Grinder.
Grinder gestures at you. Pain shoots through your body!
The wall freezes Grinder but does no damage.
Casting: Frozen Ramparts (dangerous; 3% risk of failure)
Confirm with . or Enter, or press ? or * to list all spells.
Aiming: Freeze (safe; 1% risk of failure)
Press: ? - help, Shift-Dir - straight line, f - Grinder
Aim: Grinder (lightly wounded)
You freeze Grinder.
Grinder resists.
Grinder is lightly wounded.
Grinder completely resists.
The wall freezes Grinder but does no damage.
Grinder misses you.
You closely miss Grinder.
Grinder is lightly wounded.
The frozen ramparts melt away.
Grinder closely misses you.
You barely miss Grinder.
Grinder is lightly wounded.
Grinder gestures at you. You resist with significant effort.
You closely miss Grinder.
Grinder is lightly wounded.
Grinder hits you.
You writhe in agony.
The adder hisses angrily.
You hit Grinder but do no damage.
Grinder is lightly wounded.
Grinder says, "DUCK!"
Grinder hits you.
You writhe in agony.
You hit Grinder.
Grinder is lightly wounded.
Grinder hits you!
* * * LOW HITPOINT WARNING * * *
You writhe in agony.
You die...

#+ #.## #.## ... #..# #.#
.... ####.# #.## .....
####.##.## #.##
......##.......)######<#.
......'..................
......##S#......######.#.
S.... #5##.###.# #.##
.... #@##.# #.# #.## .5.
#.##.# #.# #.## #+ #.....
..# #... ####.# ### ###.
#. #. #. #. #.


You could see Grinder and an adder.

Vanquished Creatures
  A hound (D:3)
  3 gnolls (D:2)
  An adder (D:2)
  2 dart slugs
  6 bats
  6 endoplasms
  6 giant cockroaches
  5 goblins
  A hobgoblin (D:2)
  3 quokkas (D:2)
  2 ball pythons
  4 kobolds
  2 rats
42 creatures vanquished.

Vanquished Creatures (others)
  A frilled lizard (D:2)
1 creature vanquished.

Grand Total: 43 creatures vanquished

Notes
Turn   | Place    | Note
-------+----------+-------------------------------------------
     0 | D:1      | rakiston the Merfolk Ice Elementalist began the quest for
                  | the Orb.
     0 | D:1      | Reached XP level 1. HP: 13/13 MP: 3/3
   649 | D:1      | Reached XP level 2. HP: 19/19 MP: 3/5
   943 | D:1      | Reached skill level 5 in Ice Magic
  1153 | D:2      | Noticed Sigmund
  1409 | D:2      | Reached XP level 3. HP: 18/24 MP: 3/6
  1692 | D:2      | HP: 1/24 [gnoll/+0 club (8)]
  1997 | D:2      | Learned a level 3 spell: Frozen Ramparts
  2028 | D:2      | Reached skill level 6 in Ice Magic
  2042 | D:2      | Reached XP level 4. HP: 29/30 MP: 3/7
  2284 | D:3      | Found an opulent altar of Gozag.
  2879 | D:3      | Found a snail-covered altar of Cheibriados.
  3022 | D:3      | Noticed Grinder
  3042 | D:3      | Slain by Grinder

Illustrated notes

Levels and vault maps discovered:
D:1:      pf_arrival_petrified_forest, layout_basic, serial_park_tiny_2
D:2:      layout_rooms, ebering_ecumenical_altar_webs,
          small_statue_intersection, kennysheep_minor_cross, uniq_sigmund
D:3:      layout_loops_corners, marbit_many_paths, grunt_gozag_statues,
          uniq_grinder

Skill      XL: |  1  2  3 |
---------------+----------+-----
Ice Magic      | 5 6 |  6.7
Dodging        | |  2.6
Stealth        | |  2.1
Spellcasting   | |  2.0

Action                   |  1- 3 |  4- 6 || total
-------------------------+-------+-------++-------
Melee: Unarmed           |     5 |       ||     5
       Spear             |       |     5 ||     5
 Cast: Freeze            |    47 |    21 ||    68
       Frozen Ramparts   |       |     6 ||     6
  Use: Scroll            |     5 |     2 ||     7
Armor: Robe              |     9 |       ||     9
Dodge: Dodged            |    21 |    14 ||    35
